 Dungeon Crawl Stone Soup version 0.32-a0-868-g153ae1a8d6 (webtiles) character file.

Game seed: 2668084969993295737

121 pokeman the Magician (level 4, -14/25 HPs)
             Began as a Deep Elf Hedge Wizard on Mar 28, 2024.
             Killed by divine providence
             ... invoked by an orc priest
              (15 damage)
             ... on level 3 of the Dungeon.
             The game lasted 00:04:33 (2644 turns).

pokeman the Magician (Deep Elf Hedge Wizard)        Turns: 2644, Time: 00:04:34

Health: -14/25     AC:  2    Str:  7    XL:     4   Next: 77%
Magic:  0/13       EV: 12    Int: 21    God:
Gold:   38         SH:  0    Dex: 14    Spells: 6/14 levels left

rFire   . . .        a - +0 dagger
rCold   . . .        (no shield)
rNeg    . . .        b - +0 robe
rPois   .            c - +0 hat
rElec   .            (no cloak)
rCorr   .            (no gloves)
SInv    .            (no boots)
Will    .....        (no amulet)
Stlth   ++           (no ring)
HPRegen 0.24/turn    (no ring)
MPRegen 0.13/turn

%: no passive effects
@: no status effects
A: no striking features
a: Convert to Beogh


You were on level 3 of the Dungeon.
You visited 1 branch of the dungeon, and saw 3 of its levels.

You collected 126 gold pieces.
You spent 88 gold pieces at shops.

Inventory:

Hand Weapons
 a - a +0 dagger (weapon)
Armour
 b - a +0 robe (worn)
 c - a +0 hat (worn)
Scrolls
 e - 2 scrolls of identify {unknown}
 f - 2 scrolls of teleportation {unknown}
 g - 2 scrolls of silence {unknown}
 h - 2 scrolls of noise {unknown}
 k - 2 scrolls of revelation {unknown}
 l - 2 scrolls of vulnerability {unknown}
 n - 2 scrolls of blinking {unknown}
Potions
 d - a potion of magic
 i - 2 potions of degeneration {unknown}
 j - a potion of resistance {unknown}
 m - a potion of cancellation {unknown}
 o - 2 potions of mutation {unknown}
 p - a potion of heal wounds {unknown}
 q - a potion of curing {unknown}
 r - a potion of attraction {unknown}


   Skills:
 - Level 1.0 Fighting
 - Level 1.0 Armour
 - Level 3.0 Dodging
 + Level 2.9 Stealth
 * Level 5.8 Spellcasting
 + Level 2.3 Conjurations
 - Level 1.1 Summonings
 - Level 1.1 Translocations
 + Level 0.0 Air Magic
 + Level 0.0 Alchemy


You had 6 spell levels left.
You knew the following spells:

 Your Spells              Type           Power      Damage    Failure   Level
a - Magic Dart            Conj           64%        1d6       3%          1
b - Mephitic Cloud        Conj/Alch/Air  9%         N/A       22%         3
c - Call Imp              Summ           20%        N/A       10%         2
d - Blink                 Tloc           20%        N/A       10%         2

Your spell library contained the following spells:

 Spells                   Type           Power      Damage    Failure   Level
 Searing Ray              Conj           32%        2d5       5%          2
 Slow                     Hex            24%        N/A       10%         1
 Cigotuvi's Dreadful Rot  Necr/Alch/Air  12%        N/A       16%         2
 Fulminant Prism          Conj/Alch      5%         3d7       52%         4


Dungeon Overview and Level Annotations

Branches:
Dungeon (3/15)

Altars:
Yredelemnul
The Shining One

Shops:
D:2 *


Message History

Casting: Magic Dart (safe; 3% risk of failure)
Confirm with . or Enter, or press ? or * to list all spells.
Aiming: Magic Dart (safe; 3% risk of failure)
Press: ? - help, Shift-Dir - straight line, f - orc priest
Aim: an orc priest, wielding a +0 whip (severely wounded, 100% to hit)
The magic dart hits the orc priest but does no damage.
The orc priest is severely wounded.
The orc priest threatens, "Beogh's wrath is as vast as their mercy.
Make your choice!"
The orc priest looks braver for a moment.
You closely miss the orc priest.
The orc priest shouts, "The Pantheon deserves no one's loyalty.
Let us show you the true path!"
The orc priest is severely wounded.
The orc priest closely misses you.
Unknown command.
You barely miss the orc priest.
The orc priest is severely wounded.
The orc priest hits you with a +0 whip.
Unknown command.
The orc attacks as it pursues you! The orc closely misses you.
The orc priest barely misses you. The orc attacks as it pursues you!
The orc hits you with a +0 hand axe.
* * * LOW HITPOINT WARNING * * *
The orc priest invokes the aid of Beogh against you.
Pain shoots through your body!
* * * LOW HITPOINT WARNING * * *
Unknown command.
Casting: Magic Dart (safe; 3% risk of failure)
Confirm with . or Enter, or press ? or * to list all spells.
Aiming: Magic Dart (safe; 3% risk of failure)
Press: ? - help, Shift-Dir - straight line, f/p - orc priest
Aim: an orc priest, wielding a +0 whip (severely wounded, 100% to hit)
The magic dart hits the orc priest.
The orc priest is almost dead.
The orc priest threatens, "Beogh's wrath is as vast as their mercy.
Make your choice!" The orc closely misses you.
The orc priest hits you with a +0 whip.
* * * LOW HITPOINT WARNING * * *
The orc priest invokes the aid of Beogh against you.
Beogh smites you!
Ouch! That really hurt!
You die...

♣♣...♣ .P♣♣ P ♣(†PP♣
...♣.♣.
#PP♣...♣♣......♣
###♣.♣..♣..♣...#
###.).P..♣ .....
###.♣.♣♣.P.♣P..#.
#.....♣♣♣♣..♣.§§.
#.#..o.♣♣..P.P.§.#
#.#.[@.o.♣.P§♣♣§P.
#.#..#P..♣♣§P♣ ♣
#.####......#.♣ ♣P§♣
#......#.##.....♣.P♣
######.#.####.#...##
#.#.####.#####
#........#
###...#### ###.#


You could see an orc priest and an orc.

Vanquished Creatures
  An orc priest (D:3)
  4 adders
  A ribbon worm (D:3)
  A dart slug (D:1)
  2 orcs (D:3)
  4 bats
  4 endoplasms
  2 giant cockroaches
  6 goblins
  3 hobgoblins
  4 jackals (D:1)
  2 quokkas (D:3)
  2 ball pythons (D:1)
  3 frilled lizards
  5 kobolds
  3 rats
47 creatures vanquished.

Vanquished Creatures (collateral kills)
  A ribbon worm (D:3)
1 creature vanquished.

Grand Total: 48 creatures vanquished

Notes
Turn   | Place    | Note
-------+----------+-------------------------------------------
     0 | D:1      | pokeman the Deep Elf Hedge Wizard began the quest for the
                  | Orb.
     0 | D:1      | Reached XP level 1. HP: 10/10 MP: 7/7
   203 | D:1      | Reached XP level 2. HP: 16/16 MP: 1/9
   581 | D:1      | Reached skill level 5 in Spellcasting
  1013 | D:2      | Found Jiasaeca's Assorted Antiques.
  1042 | D:2      | Reached XP level 3. HP: 20/20 MP: 4/11
  1046 | D:2      | Learned a level 3 spell: Mephitic Cloud
  1049 | D:2      | Learned a level 2 spell: Call Imp
  1052 | D:2      | Learned a level 2 spell: Blink
  1160 | D:2      | Found a glowing golden altar of the Shining One.
  1268 | D:2      | Reached skill level 1 in Armour
  1493 | D:2      | Reached skill level 1 in Fighting
  1998 | D:2      | Bought a glowing orange potion for 22 gold pieces
  1998 | D:2      | Bought a brown potion for 22 gold pieces
  1998 | D:2      | Bought a fizzy inky potion for 22 gold pieces
  1998 | D:2      | Bought a metallic black potion for 22 gold pieces
  2384 | D:3      | Found a basalt altar of Yredelemnul.
  2394 | D:3      | Reached XP level 4. HP: 23/25 MP: 7/13
  2643 | D:3      | HP: 1/25 [orc priest/+0 whip (3)]
  2644 | D:3      | Killed from afar by an orc priest

Illustrated notes

Levels and vault maps discovered:
D:1:      giann_wishing_wells, layout_rooms
D:2:      layout_basic, basic_altar, serial_shops, shop
D:3:      wad_woods_stonehenge, layout_loops_ring, mainiacjoe_overflow_alcove_1,
          shapermc_ecumenical_altar_pompeii

Skill      XL: |  1  2  3  4 |
---------------+-------------+-----
Spellcasting   | 5 |  5.8
Armour         | 1 |  1.0
Fighting       | 1 |  1.0
Conjurations   | 2 |  2.3
Dodging        | 3 |  3.0
Stealth        | |  2.9
Summonings     | |  1.1
Translocations | |  1.1

Action                     |  1- 3 |  4- 6 || total
---------------------------+-------+-------++-------
  Melee: Dagger            |    30 |    27 ||    57
   Cast: Magic Dart        |   107 |    13 ||   120
         Mephitic Cloud    |       |     3 ||     3
         Call Imp          |       |     1 ||     1
   Stab: Confused          |       |     4 ||     4
 Armour: Robe              |    24 |     8 ||    32
  Dodge: Dodged            |    39 |     9 ||    48

Table legend: (Time is in decaauts)
 A = Elapsed time spent in this place.
 B = Non-inter-level travel time spent in this place.
 C = Inter-level travel time spent in this place.
 D = Time resting spent in this place.
 E = Time spent auto-exploring this place.
 F = Levels seen in this place.
 G = Mean time per level.
                   A        B        C        D        E       F      G
               +--------+--------+--------+--------+--------+-----+--------+
         Total |   2643 |   2583 |     60 |      0 |   2268 |   3 |  881.0 |
       Dungeon |   2643 |   2583 |     60 |      0 |   2268 |   3 |  881.0 |
               +--------+--------+--------+--------+--------+-----+--------+

Top non-repeatable levels by time:
     D:2: 1059 daAuts
     D:1: 957 daAuts
     D:3: 626 daAuts
